[Event "*** Titled Tuesday 3|2 Blitz (Early)"]
[Site "Chess.com"]
[Date "2016.12.06"]
[Round "9"]
[White "renanreis"]
[Black "SCIM"]
[Result "0-1"]
[WhiteElo "1985"]
[BlackElo "2274"]
[TimeControl "180+2"]
[EndTime "13:02:00 PST"]
[Termination "SCIM won by resignation"]

1. d4 Nf6 2. Bf4 d5 3. e3 c5 4. c3 Nc6 5. Nf3 e6 6. Nbd2 Bd6 7. Bg3 O-O 8. Bd3 Re8 9. Ne5 Bxe5 10. dxe5 Nd7 11. f4 Qb6 12. O-O c4 13. Bc2 Qxe3+ 14. Kh1 f5 15. exf6 Nxf6 16. Bf2 Qxf4 17. Bd4 Qh6 18.
Bxf6 gxf6 19. Rf3 e5 20. Qf1 Rf8 21. Qf2 Be6 22. Rf1 e4 23. Rxf6 Rxf6 24. Qxf6 Qxf6 25. Rxf6 Bf7 26. Nf1 Kg7 27. Rf2 Rf8 28. Ne3 Be6 29.
Kg1 Rxf2 30. Kxf2 Ne5 31. Kg3 Kf6 32. Kf4 Ng6+ 33. Kg3 Ke5 34. b3 b5 35. bxc4 bxc4 36. h4 Nf4 37. Kf2 Nd3+ 38. Bxd3 cxd3 39. Ke1 d4 40. cxd4+ Kxd4 41. Kd2 Bxa2 42. Nf5+ Ke5 43. Ne7 Bd5 44. Nc8 a5 45. Nb6 Kd4 46. Nxd5 Kxd5 47. Kc3 Ke5 48. g3 h5 0-1

[Event "*** Titled Tuesday 3|2 Blitz (Early)"]
[Site "Chess.com"]
[Date "2016.12.06"]
[Round "9"]
[White "Pierrebl"]
[Black "AdrianaNikolova"]
[Result "1-0"]
[WhiteElo "2479"]
[BlackElo "2259"]
[TimeControl "180+2"]
[EndTime "13:02:13 PST"]
[Termination "Pierrebl won by checkmate"]

1. e4 c5 2. Nf3 d6 3. d4 cxd4 4.
Qxd4 a6 5. Bg5 Nc6 6. Qd2 h6 7. Bh4 g5 8. Bg3 Bg7 9. Nc3 Nf6 10. Bc4 Qa5 11. O-O-O Bg4 12. h4 gxh4 13. Rxh4 Rc8 14. Bb3 h5 15. Kb1 Qb4 16. a3 Qc5 17. Ng5 Bxd1 18.
Bxf7+ Kd7 19. Be6+ Kd8 20. Nf7+ Kc7 21. Nxh8 Rxh8 22.
Qxd1 Nd4 23. Bh3 e5 24. f3 Kb8 25. Bf2 Bh6 26. Bf5 Rg8 27. g3 Qc4 28. Ne2 Nxf3 29.
Qxd6+ Ka8 30. Qxf6 Nxh4 31. Qxh6 Nxf5 32. exf5 Qxe2 33.
Qb6 Qf1+ 34. Ka2 Qc4+ 35. Kb1 Qf1+ 36. Ka2 Qc4+ 37. Kb1 Kb8 38. f6 Qf1+ 39. Ka2 Qc4+ 40. Kb1 Rc8 41. c3 Qf1+ 42. Ka2 Qc4+ 43. Kb1 Qd3+ 44.
Ka2 Qd5+ 45. Kb1 Qc6 46. Qa7+ Kc7 47. f7 Qe4+ 48. Kc1 Rf8 49. Qc5+ Kd7 50. Qxf8 Qf3 51. Qe8+ Kd6 52. f8=Q+ Qxf8 53. Qxf8+ Kd5 54. Qf3+ Kc4 55. Qe4+ Kb3 56. Qd5+ Ka4 57. Qc4+ Ka5 58. Qb4# 1-0

[Event "*** Titled Tuesday 3|2 Blitz (Early)"]
[Site "Chess.com"]
[Date "2016.12.06"]
[Round "9"]
[White "Kawhi_Leonard2"]
[Black "MyleneFarmer"]
[Result "0-1"]
[WhiteElo "2228"]
[BlackElo "2386"]
[TimeControl "180+2"]
[EndTime "13:02:14 PST"]
[Termination "MyleneFarmer won by resignation"]

1. e4 c5 2. Nf3 d6 3. d4 cxd4 4.
Nxd4 Nf6 5. Nc3 g6 6. Be3 Bg7 7. f3 O-O 8. Qd2 Nc6 9. O-O-O d5 10. Qe1 e5 11. Nxc6 bxc6 12. exd5 Nxd5 13. Bc4 Be6 14. Kb1 Rb8 15. Ne4 Qc7 16. Bc5 Rfd8 17. g4 f5 18.
gxf5 gxf5 19. Rg1 Kh8 20. Qh4 fxe4 21. fxe4 Nc3+ 22. Kc1 Rxd1+ 23. Rxd1 Nxd1 24. Bxe6 Nxb2 25. Bf5 h6 26. Qh5 Qd8 27. h4 Bf8 28. Be3 Qd1+ 29. Qxd1 Nxd1 30. Kxd1 Kg7 31. Bxa7 Ra8 32. Bb6 Rxa2 33.
Bc7 Be7 34. h5 Bf6 35. Bd6 Ra1+ 36. Kd2 Rh1 37. Bg6 Bg5+ 38. Kc3 Kf6 39. Kc4 Rh3 40. Bb4 Be3 41. Ba5 Rg3 42. Bd8+ Kg7 43. Bc7 Bd4 44.
Ba5 Rxg6 45. hxg6 h5 46. c3 Bf2 47. Bc7 Bg3 48. Bd8 h4 49. Bxh4 Bxh4 50. Kc5 Kxg6 51.
Kxc6 Kg5 52. c4 Kf4 53. Kd5 Be7 54. Ke6 Ba3 55. Kd5 Bb4 56. c5 Bxc5 57. Kxc5 Kxe4 0-1

[Event "*** Titled Tuesday 3|2 Blitz (Early)"]
[Site "Chess.com"]
[Date "2016.12.06"]
[Round "9"]
[White "Rating-Schmating"]
[Black "Holden-Caulfield"]
[Result "1-0"]
[WhiteElo "2238"]
[BlackElo "2462"]
[TimeControl "180+2"]
[EndTime "13:02:24 PST"]
[Termination "Rating-Schmating won by resignation"]

1. e4 d6 2. Nf3 Nf6 3. Nc3 e5 4. d4 Nbd7 5. h3 Be7 6. Be2 c6 7. Be3 b5 8. a3 O-O 9. O-O a6 10. Qd2 Qc7 11. Rad1 Re8 12. Ne1 Nf8 13. Nd3 Ng6 14.
f3 Bb7 15. b4 Rad8 16. Qe1 Bc8 17. Qf2 Nd7 18. Nb1 Bh4 19. g3 Bf6 20. c3 Bb7 21. Nd2 d5 22. dxe5 Ngxe5 23. Nxe5 Bxe5 24. f4 Bd6 25. e5 Bf8 26. Nb3 f6 27. exf6 Nxf6 28. Bf3 Qf7 29. Rfe1 Bc8 30. Bg2 Ne4 31. Bxe4 Rxe4 32.
Qg2 Rde8 33. Bf2 Qf5 34. Kh2 h5 35. Nd4 Qg6 36. Rxe4 Rxe4 37. Re1 Rxe1 38. Bxe1 Bd7 39. Qe2 Bd6 40. Nf3 Qf5 41. Qg2 Qe4 42. Bf2 Qd3 43.
Bd4 Bf5 44. Ne5 Qd1 45. Qf3 Qc2+ 46. Qf2 Qb1 47. Qg1 Qb2+ 48. Qf2 Qxa3 49. Nxc6 Be4 50. Ne5 Qc1 51. Nf3 Qd1 52. Ng1 h4 53. gxh4 Qc1 54. Ne2 Qh1+ 55. Kg3 Be7 56. Ng1 Kh7 57.
Nf3 Bxf3 58. Qxf3 Bxh4+ 59. Kg4 Qxf3+ 60. Kxf3 Kg6 61. Kg4 Be1 62. f5+ Kf7 63. Kf4 1-0

[Event "*** Titled Tuesday 3|2 Blitz (Early)"]
[Site "Chess.com"]
[Date "2016.12.06"]
[Round "9"]
[White "viktorskliarov"]
[Black "ulises2013"]
[Result "1-0"]
[WhiteElo "2474"]
[BlackElo "2306"]
[TimeControl "180+2"]
[EndTime "13:02:31 PST"]
[Termination "viktorskliarov won by resignation"]

1. e4 g6 2. d4 Bg7 3. Nc3 c5 4. dxc5 Bxc3+ 5. bxc3 Qa5 6. Qd4 Nf6 7. Qb4 Qc7 8. Nf3 Nc6 9. Qc4 Na5 10. Qd4 Nc6 11. Qe3 b6 12. cxb6 axb6 13. Bd3 Ne5 14. Bd2 Nxf3+ 15.
Qxf3 d6 16. h3 Be6 17. O-O O-O 18. a4 Nd7 19. Bb5 Bc4 20. Rfb1 Bxb5 21. Rxb5 Ra6 22. h4 Rfa8 23. Rb4 Nc5 24. h5 Rxa4 25. Raxa4 Rxa4 26. hxg6 hxg6 27. Rxa4 Nxa4 28. e5 Nc5 29. exd6 Qxd6 30. Bf4 Qe6 31. Be3 Ne4 32. Bd4 b5 33. Qf4 Nf6 34.
Bxf6 Qxf6 35. Qxf6 exf6 36. Kf1 Kf8 37. Ke2 Ke7 38.
Kd3 Kd6 39. Kd4 Kc6 40. c4 bxc4 41. Kxc4 f5 42. Kd4 f6 43. c4 Kd6 44. c5+ Kc6 45.
Kc4 g5 46. Kd4 f4 47. f3 f5 48.
Kc4 g4 49. Kd4 Kc7 50. Kd5 Kd7 51. Ke5 Kc6 52. Kxf4 Kxc5 53. Kxf5 gxf3 54. gxf3 Kd6 55. Kf6 Kd5 56. f4 Kd6 57. f5 Kd7 58. Kg7 1-0

[Event "*** Titled Tuesday 3|2 Blitz (Early)"]
[Site "Chess.com"]
[Date "2016.12.06"]
[Round "9"]
[White "DanielNaroditsky"]
[Black "Harbuzi01"]
[Result "0-1"]
[WhiteElo "2698"]
[BlackElo "2701"]
[TimeControl "180+2"]
[EndTime "13:02:38 PST"]
[Termination "Harbuzi01 won on time"]

1. d4 g6 2. e4 Bg7 3. c3 d6 4.
Nf3 Nc6 5. Bc4 Nf6 6. Nbd2 O-O 7.
O-O e5 8. dxe5 Nxe5 9. Nxe5 dxe5 10. Qe2 Qe7 11. a4 Rd8 12. a5 a6 13. b4 Nh5 14. g3 Bh3 15. Re1 Nf6 16. Nb3 Be6 17.
f3 Bxc4 18. Qxc4 Ne8 19. Be3 Nd6 20. Qe2 f5 21. Nc5 f4 22. Bf2 Re8 23. g4 h5 24. h3 Bf6 25. Rad1 Qf7 26. Rd5 Rad8 27. Red1 Qe7 28. Kg2 hxg4 29. hxg4 Qf7 30. c4 Ra8 31. Nb3 Kg7 32. Bc5 Rac8 33. b5 axb5 34. cxb5 Rh8 35. b6 Kg8 36. Bg1 Qh7 37. Kf1 Qh3+ 38. Qg2 Nc4 39. Qxh3 Rxh3 40. Ke2 cxb6 41. axb6 Ra8 42. Nc1 Ne3 43. Bxe3 fxe3 44. Rd7 Rh2+ 45. Kxe3 Ra3+ 46. Nd3 Bg5+ 47. f4 Bxf4+ 48. Kf3 Rh3+ 49. Kg2 Ra2+ 50. Nf2 Rh2+ 51. Kg1 Raxf2 52. Rxb7 Rd2 53. Rxd2 Rxd2 54.
Rb8+ Kg7 55. b7 Be3+ 56. Kf1 Rf2+ 57. Ke1 Rb2 58. Kd1 Ba7 59. Re8 Kf6 0-1

[Event "*** Titled Tuesday 3|2 Blitz (Early)"]
[Site "Chess.com"]
[Date "2016.12.06"]
[Round "9"]
[White "Tesla37"]
[Black "nihalsarin"]
[Result "1-0"]
[WhiteElo "2623"]
[BlackElo "2503"]
[TimeControl "180+2"]
[EndTime "13:02:39 PST"]
[Termination "Tesla37 won by resignation"]

1. e4 e6 2. d4 d5 3. Nd2 Nf6 4. e5 Nfd7 5. Bd3 c5 6. c3 Nc6 7. Ne2 cxd4 8. cxd4 f6 9. exf6 Nxf6 10. O-O Bd6 11. Nf3 O-O 12. Bf4 Nh5 13. Bxd6 Qxd6 14. Rc1 Bd7 15. Re1 Rxf3 16. gxf3 Rf8 17. Ng3 Nf4 18. Bf1 g6 19. Qd2 a6 20. Re3 h5 21.
Kh1 Kg7 22. a3 h4 23. Ne2 Nxe2 24. Bxe2 Rf4 25. Rd3 Qf8 26. b4 Qf6 27. Rd1 g5 28. Qe3 Be8 29. R3d2 Bh5 30. Rg1 Nxd4 31. Rxd4 Rxd4 32.
Rxg5+ Bg6 33. Rg1 Kh7 34. Qc3 Rf4 35. Qc7+ Qf7 36. Qd8 Qf6 37. Qc8 Rxf3 38. Qxb7+ Kh6 39. Qb6 Rxf2 40. Qe3+ Rf4 41. Bd3 Bxd3 42. Qxd3 Qf5 43. Qe3 Qe4+ 44. Qxe4 Rxe4 45. Rc1 d4 46. Kg2 Kg5 47.
Rc6 Kf4 48. Rxa6 Re2+ 49. Kf1 d3 50. Rd6 Re3 51. b5 e5 52. b6 d2 53. Rxd2 Rxa3 54.
Rb2 Kf3 55. Ke1 Ke3 56. Rb1 Ra8 57. b7 Rb8 58. Rb3+ Kf4 59. Kf2 e4 60. Rb4 h3 61.
Ke2 Kf5 62. Ke3 Kg5 63. Kxe4 Kg4 64. Ke5+ Kf3 65. Rb2 Ke3 66. Kd6 1-0

[Event "*** Titled Tuesday 3|2 Blitz (Early)"]
[Site "Chess.com"]
[Date "2016.12.06"]
[Round "9"]
[White "ZhuChenChess"]
[Black "josiwales"]
[Result "0-1"]
[WhiteElo "2363"]
[BlackElo "2244"]
[TimeControl "180+2"]
[EndTime "13:02:42 PST"]
[Termination "josiwales won on time"]

1. d4 Nf6 2. c4 g6 3. Nc3 Bg7 4. e4 d6 5. Nge2 O-O 6. Ng3 Nbd7 7.
Be2 e5 8. d5 a5 9. h4 h5 10.
Bg5 Nc5 11. Qd2 Qe8 12. O-O Bd7 13. Rae1 Ng4 14. Bxg4 Bxg4 15. f3 Bd7 16. b3 f5 17.
exf5 gxf5 18. Bh6 Qg6 19. Bxg7 Kxg7 20. Nh1 f4 21. Ne4 Nxe4 22. Rxe4 Kh7 23. c5 Rg8 24.
cxd6 cxd6 25. Rc1 Rac8 26. Rec4 Bh3 27. Rc7+ Kh6 28. g3 Rxc7 29. Rxc7 Rc8 30. Rxc8 Bxc8 31. Kh2 Qf5 32. Nf2 Kg7 33. Qd3 fxg3+ 34. Kxg3 Qf4+ 35. Kg2 Qxh4 36. Qc3 Qg5+ 37. Kf1 Qf5 38. Ke2 h4 39.
Qc7+ Qd7 40. Qc4 h3 41. Qh4 Kg6 42. Ng4 Qf5 43. Qxh3 Qc2+ 44. Ke3 Qc1+ 45. Kf2 Bf5 46. Qg3 Qd2+ 47. Kg1 Qc1+ 48. Kg2 Bxg4 49. Qxg4+ Qg5 50. Kg3 Qxg4+ 51. Kxg4 Kf6 52. f4 e4 53. a3 b5 54.
b4 a4 55. Kh4 Kf5 56. Kg3 e3 57. Kf3 e2 58. Kxe2 Kxf4 59. Kf2 Ke4 60. Ke2 Kxd5 61.
Kd3 Ke5 62. Ke3 d5 63. Kd3 d4 64. Kd2 Kd5 65. Kd3 Ke5 66. Kd2 Kd6 67. Ke2 Kd5 68. Kd3 Ke5 69. Kd2 Ke4 70. Ke2 d3+ 71. Kd2 Kd4 72. Kd1 Kc3 73. Kc1 Kb3 74. Kd2 Kxa3 75. Kxd3 Kb3 76. Kd2 a3 0-1

[Event "*** Titled Tuesday 3|2 Blitz (Early)"]
[Site "Chess.com"]
[Date "2016.12.06"]
[Round "9"]
[White "saraswathii"]
[Black "Tash_Boy"]
[Result "0-1"]
[WhiteElo "2202"]
[BlackElo "2475"]
[TimeControl "180+2"]
[EndTime "13:03:00 PST"]
[Termination "Tash_Boy won by resignation"]

1. e4 c5 2. Nf3 d6 3. d3 Nc6 4. g3 g6 5. Bg2 Bg7 6. O-O e6 7. c3 Nge7 8. Be3 O-O 9. d4 b6 10. Na3 Bb7 11. Re1 Rc8 12. Qe2 Na5 13. Bf4 a6 14. Rad1 cxd4 15. cxd4 b5 16. e5 Nd5 17. Bg5 Qd7 18. Qd2 b4 19. Nb1 Nc4 20.
Qe2 a5 21. b3 Na3 22. Bd2 Nc2 23. Rf1 Bc6 24. Ne1 Bb5 25. Nd3 dxe5 26. dxe5 Rfd8 27. Bg5 Re8 28. Qe4 h6 29. Bc1 Red8 30.
f4 Qa7+ 31. Rf2 Nc3 32. Nxc3 Rxc3 33. Nb2 Nd4 34. Kh1 Bf8 35. Be3 Bc5 36. Bxd4 Rxd4 37. Rxd4 Bxd4 38. Rd2 Rc1+ 39. Rd1 Rxd1+ 40. Nxd1 Qc5 41.
Bf3 h5 42. h3 Kg7 43. g4 hxg4 44. hxg4 a4 45. Kg2 a3 46. g5 Ba1 47. Nf2 Qc1 48. Nd1 Qd2+ 49. Kg3 Qxa2 50. Qb7 Qd2 51. Qxb5 a2 52. Qe8 Bxe5 53. fxe5 a1=Q 54. Qb8 Qxg5+ 55. Kf2 Qd4+ 56. Ke2 Qdd2+ 0-1

[Event "*** Titled Tuesday 3|2 Blitz (Early)"]
[Site "Chess.com"]
[Date "2016.12.06"]
[Round "9"]
[White "Izoria123"]
[Black "E-Shaposhnikov"]
[Result "1-0"]
[WhiteElo "2596"]
[BlackElo "2719"]
[TimeControl "180+2"]
[EndTime "13:03:07 PST"]
[Termination "Izoria123 won by resignation"]

1. c4 c5 2. Nf3 Nc6 3. Nc3 Nd4 4.
Ng1 Nc6 5. e3 g6 6. d4 Bg7 7. d5 Nb8 8. Nf3 d6 9. Bd3 Bg4 10. O-O Nf6 11. h3 Bxf3 12. Qxf3 Nbd7 13. Qd1 O-O 14. e4 e6 15. Re1 Re8 16. Bd2 a6 17.
a4 Nh5 18. Be2 Qh4 19. Bxh5 gxh5 20. Ra3 Ne5 21. Qe2 Ng6 22. Qf1 Bd4 23. Ne2 exd5 24.
Nxd4 cxd4 25. exd5 Re5 26. Rg3 Qf6 27. Rxe5 dxe5 28.
Qd3 Re8 29. Qe4 Qe7 30. Rb3 Rc8 31. Rb6 Qd7 32. d6 Rc6 33. Rxc6 bxc6 34. c5 Kg7 35. b4 f5 36. Qd3 Qc8 37. f4 Kf7 38. fxe5 Qe6 39.
Qxd4 Qxe5 40. Qc4+ Ke8 41. Kf1 Qa1+ 42. Ke2 Qe5+ 43.
Kd1 Nf8 44. Bc3 Qe3 45. Qe2 Qxe2+ 46. Kxe2 Ne6 47. Kd3 Nf4+ 48. Kc4 Kd7 49. b5 axb5+ 50. axb5 Ne6 51. b6 Nd8 52. Bd4 Ke6 53. h4 Nb7 54.
g3 Kd7 55. Be3 Ke6 56. Bc1 Kd7 57. Be3 Ke6 58. Kd3 Ke5 59. Ke2 Ke4 60. Kf2 Kd5 61.
Kf3 Ke5 62. Bg5 Nxc5 63. b7 Nd7 64. Be3 Kxd6 65. Bf4+ Kd5 66. b8=Q Nxb8 67. Bxb8 c5 68. Kf4 Ke6 69. Be5 c4 70. Bc3 h6 71. Bb2 1-0

[Event "*** Titled Tuesday 3|2 Blitz (Early)"]
[Site "Chess.com"]
[Date "2016.12.06"]
[Round "9"]
[White "Morpheus4"]
[Black "Enzy63"]
[Result "0-1"]
[WhiteElo "1938"]
[BlackElo "2030"]
[TimeControl "180+2"]
[EndTime "13:03:20 PST"]
[Termination "Enzy63 won by checkmate"]

1. d4 Nf6 2. Nf3 g6 3. Bg5 Bg7 4. e3 O-O 5. Nbd2 d5 6. Bd3 Nbd7 7. h4 h5 8. Bf4 c5 9. c3 Ng4 10.
Bg5 Qb6 11. Rb1 e5 12. dxe5 Ndxe5 13. Be2 Bf5 14. O-O Bxb1 15. Qxb1 Bf6 16. Bf4 Rfe8 17. Rd1 Rad8 18. Nb3 a5 19. Qc2 Nc4 20. a4 Nge5 21. Ng5 Qc7 22. Nf3 b6 23. Nbd2 Qe7 24. Nxc4 Nxc4 25. Bxc4 dxc4 26. Qe2 Rxd1+ 27. Qxd1 Qd8 28. Qe2 Qd3 29. Qe1 Rd8 30. Kh2 Qd1 31. Qxd1 Rxd1 32.
Be5 Bd8 33. Bd6 Rb1 34. Ne5 Rxb2 35. Nxc4 Rb3 36. Be5 f6 37. Bd6 Rxc3 38. Nd2 Kf7 39. Ne4 Ra3 40. Bg3 Rxa4 41. Nc3 Rb4 42. Nd5 a4 43. f3 a3 44. Nxb4 cxb4 45. e4 a2 46. e5 a1=Q 47. e6+ Kxe6 48. Bf4 b3 49. Kg3 b2 50. Be3 b1=Q 51. Bf4 Qe1+ 52. Kh2 Qxh4# 0-1

[Event "*** Titled Tuesday 3|2 Blitz (Early)"]
[Site "Chess.com"]
[Date "2016.12.06"]
[Round "9"]
[White "Fandorine"]
[Black "biostatistician"]
[Result "1/2-1/2"]
[WhiteElo "2623"]
[BlackElo "2487"]
[TimeControl "180+2"]
[EndTime "13:03:54 PST"]
[Termination "Game drawn by repetition"]

1. e4 e6 2. d4 d5 3. Nc3 Nf6 4. e5 Nfd7 5. f4 c5 6. Nf3 Nc6 7. Be3 a6 8. Qd2 b5 9. dxc5 Bxc5 10. Bd3 Qb6 11. Bf2 Bxf2+ 12. Qxf2 Qxf2+ 13. Kxf2 Nc5 14. Ne2 Bd7 15. Ned4 Nxd4 16. Nxd4 Ke7 17. Ke3 b4 18. Rhc1 Rhc8 19. h4 h6 20. a3 a5 21.
h5 Na4 22. Rcb1 Rcb8 23. axb4 axb4 24. g4 Rc8 25. b3 Nc3 26. Rg1 Rg8 27. g5 Rh8 28.
gxh6 gxh6 29. Rxa8 Rxa8 30. Rg7 Rh8 31. Rh7 Rxh7 32.
Bxh7 Nd1+ 33. Kd2 Nf2 34. Ke2 Ng4 35. Bd3 f6 36. Nf3 Be8 37. Bg6 Bxg6 38. hxg6 fxe5 39. fxe5 Kf8 40. c3 bxc3 41. b4 h5 42. b5 c2 43.
Kd2 Ne3 44. Kc1 Nc4 45. Kxc2 Na3+ 46. Kb3 Nxb5 47. Kb4 Nc7 48. Kc5 Ne8 49. Ng5 Ke7 50. Nh3 h4 51. Nf4 Ng7 52. Kd4 Nf5+ 53. Kd3 Nh6 54.
Kd4 Ng4 55. Nh3 Ke8 56. Ng5 Ke7 57. g7 Nh6 58. Kd3 Ng8 59. Ke3 Nh6 60. Kf4 d4 61. Ke4 h3 62. Nxh3 Kf7 63. Ng5+ Kxg7 64. Nxe6+ Kf7 65. Nxd4 Ng4 66. e6+ Kf6 67. Kd5 Ke7 68. Nf5+ Ke8 69. Kd6 Nf6 70. Ng7+ Kf8 71. Nf5 Ke8 72.
Ng7+ Kf8 73. Nf5 Ke8 74. Ke5 Ng4+ 75. Kd6 Nf6 1/2-1/2

[Event "*** Titled Tuesday 3|2 Blitz (Early)"]
[Site "Chess.com"]
[Date "2016.12.06"]
[Round "9"]
[White "Wolverine_master"]
[Black "RitvarsReimanis"]
[Result "0-1"]
[WhiteElo "2042"]
[BlackElo "2395"]
[TimeControl "180+2"]
[EndTime "13:04:57 PST"]
[Termination "RitvarsReimanis won on time"]

1. e4 c5 2. Nf3 Nc6 3. d4 cxd4 4.
Nxd4 Nf6 5. Nc3 d6 6. Be2 e5 7. Nb3 a5 8. a4 Be6 9. O-O d5 10. exd5 Nxd5 11. Nxd5 Bxd5 12. Bf3 Be6 13. Qxd8+ Kxd8 14. Be3 Bxb3 15. cxb3 Bb4 16. Rac1 Rc8 17. Rfd1+ Ke7 18. Bc5+ Bxc5 19. Rxc5 Rhd8 20. Rdc1 f6 21. g3 Rd3 22. Bxc6 Rxc6 23. Rxc6 bxc6 24. Rxc6 Rxb3 25. Rc5 Rxb2 26. Rxa5 Ra2 27. Ra7+ Kf8 28. h4 h5 29. Kg2 e4 30. Kg1 Kg8 31. Ra5 Kf7 32. Rxh5 Rxa4 33.
Rc5 Ra1+ 34. Kg2 Ra2 35. Rc3 f5 36. Kf1 Kg6 37. f3 Rd2 38. fxe4 fxe4 39. Re3 Kf5 40. h5 Rh2 41. g4+ Kf4 42. Ra3 Rh4 43. Ra6 Rxg4 44. h6 g5 45. h7 Rh4 46. Ra7 Kg3 47. Rg7 g4 48. Ke2 Kf4 49. Rf7+ Kg5 50. Ke3 Kg6 51. Rf4 Kg5 52. Rf7 Kg6 53. Rf4 Kxh7 54. Rxe4 Kg6 55. Kf2 Kf5 56. Ra4 Rh2+ 57. Kg3 Rh3+ 58. Kg2 Rb3 59. Kf2 Kg5 60. Kg2 Kh4 61. Ra7 Rb2+ 62.
Kf1 Kh3 63. Rh7+ Kg3 64. Rg7 Rf2+ 65. Kg1 Rb2 66. Kf1 Rb1+ 67. Ke2 Kh3 68. Kf2 Rb2+ 69. Kg1 Rg2+ 70. Kf1 Ra2 71. Kg1 Kg3 72. Kf1 Rb2 73. Rg8 Rb4 74. Rg7 Rf4+ 75. Kg1 Kf3 76. Rg8 Rf5 77.
Rg7 Rb5 78. Rg8 Rb1+ 79. Kh2 Rb2+ 80. Kg1 Rc2 81. Rg7 Kg3 82. Kf1 Rh2 83. Rg8 Rh1+ 84. Ke2 Rh4 85. Kf1 Kh2 86. Kf2 Kh3 87. Rg7 Rh5 88.
Kg1 Rd5 0-1